Cogmind - Beta 15 @@@ ROGUE MODE // 2025.05.08 @ 15:03:58 Player: AnotherZach Result: Self-destructed Performance ------------- Evolutions (3) 1500 Regions Visited (6) 1200 Robots Destroyed (113) 565 Value Destroyed (2695) 2695 Prototype IDs (9) 180 Alien Tech Used (0) 0 Bonus (425) 425 TOTAL SCORE: 6565 Bonus ------- High Alert Combat Kills 124 Follower Combat Kills 514 Friendly Fire -213 Cogmind --------- Core Integrity 161/700 Matter 300/300 Energy 158/160 System Corruption 0% Temperature Cool (6) Movement Flying (29) Location -7/Factory Parts ------- > --- POWER (1) -------- Light Nuclear Core > --- PROPULSION (4) --- Cooled Airjet VTOL Module VTOL Module VTOL Module > --- UTILITY (6) ------ Advanced Heat Sink Machine Analyzer Improved Signal Interpreter Advanced Melee Analysis Suite Target Analyzer Hacking Suite > --- WEAPON (2) ------- Autogun Impact Mace > --- INVENTORY (5) ---- Small Storage Unit Microactuators Trap Extractor (1/4 Blade) High-powered Shotgun Peak State ------------ > --- POWER ------------ Light Nuclear Core > --- PROPULSION ------- Cooled Airjet Cooled Airjet Cooled Airjet Cesium-ion Thruster > --- UTILITY ---------- Advanced Heat Sink Improved Signal Interpreter Advanced Targeting Computer Advanced Melee Analysis Suite Advanced EM Shield Hacking Suite > --- WEAPON ----------- Variable Charge Gun Heavy Beamcaster > --- INVENTORY -------- Machine Analyzer Trap Extractor Heavy Beamcaster Heavy Battle Rifle [Rating: 61] Favorites ----------- Power Light Nuclear Core Engine Ion Engine Power Core Light Nuclear Core Reactor Cold Fusion Reactor Propulsion Improved Titanium Leg Treads Light Treads Leg Improved Titanium Leg Wheel Wheel Hover Unit Cooled Airjet Flight Unit VTOL Module Utility Advanced Targeting Computer Device Advanced Heat Sink Storage Large Storage Unit Processor Advanced Targeting Computer Hackware Hacking Suite Protection Reactive Plating Weapon Improved EM Shotgun Energy Gun Improved EM Shotgun Ballistic Gun Assault Rifle Ballistic Cannon Assault Cannon Launcher Subdweller Shrapnel Launcher Impact Weapon Impact Mace Slashing Weapon Axe Special Melee Weapon Datajack Build | -11 -10 -10 -8 -7 -7 -7 ------- Run | Yrd Mat Sub Mat Fac Was Fac Slots Evolved 6 | . . . 4 2 . . Power . | . . . . . . . Propulsion 2 | . . . 2 . . . Utility 4 | . . . 2 2 . . Weapon . | . . . . . . . Parts Attached 93 | 4 . 7 29 28 7 18 Power 11 | . . 1 2 5 1 2 Engine 4 | . . 1 1 2 . . Core 6 | . . . 1 3 . 2 Reactor 1 | . . . . . 1 . Propulsion 29 | 2 . . 10 8 . 9 Treads 7 | 2 . . 4 . . 1 Leg 8 | . . . 4 4 . . Wheel 6 | . . . 2 4 . . Hover 3 | . . . . . . 3 Flight 5 | . . . . . . 5 Utility 31 | 1 . 1 12 9 3 5 Device 11 | 1 . . 6 3 1 . Storage 5 | . . 1 2 . 1 1 Processor 8 | . . . . 4 . 4 Hackware 2 | . . . . 1 1 . Protection 5 | . . . 4 1 . . Artifact . | . . . . . . . Weapon 22 | 1 . 5 5 6 3 2 Energy Gun 7 | . . 1 3 . 3 . Energy Cannon . | . . . . . . . Ballistic Gun 3 | 1 . 1 . . . 1 Ballistic Cannon 5 | . . 1 1 3 . . Launcher 3 | . . 2 . 1 . . Special Weapon . | . . . . . . . Impact Weapon 1 | . . . . . . 1 Slashing Weapon 2 | . . . . 2 . . Piercing Weapon . | . . . . . . . Special Melee Weapon 1 | . . . 1 . . . Unidentified Prototypes 9 | . . . 3 1 2 3 Parts Lost 14 | . . . . 11 1 2 Power 2 | . . . . 2 . . Propulsion 10 | . . . . 7 1 2 Utility . | . . . . . . . Weapon 2 | . . . . 2 . . Highest Loss Streak 6 | . . . . 6 1 1 To Critical Strikes . | . . . . . . . Average Backups 10 | 2 5 6 11 14 8 4 Power . | . 1 . . . 1 . Propulsion 1 | . 1 . 3 1 . . Utility 5 | 1 2 2 5 9 4 2 Weapon 2 | . 1 2 2 1 1 1 Tool/Special . | . . . . . . . Unused Backups 22 | . 1 3 7 4 1 6 Power 1 | . . . . . . 1 Propulsion 3 | . . 1 2 . . . Utility 11 | . . 2 2 4 1 2 Weapon 7 | . 1 . 3 . . 3 Tool/Special . | . . . . . . . Average Slot Usage (%) 94 | . 57 97 97 93 85 97 Engine 3 | . . 13 4 1 2 . Core 3 | . . . 4 5 . 5 Treads 12 | . 28 28 27 . . . Leg 12 | . . . 5 26 15 3 Wheel 2 | . . . 1 . 8 1 Hover 1 | . . . . . . 12 Flight 1 | . . . . . . 10 Device 13 | . 14 14 17 9 8 12 Storage 6 | . . 13 9 7 2 . Processor 9 | . . . . 16 15 22 Hackware 4 | . . . . 5 12 8 Protection 4 | . . . 8 4 2 . Energy Gun 7 | . . 6 9 5 8 9 Ballistic Cannon 5 | . . 11 6 5 2 . Peak Build Rating 61 | 4 4 10 41 50 54 61 Average Rating 36 | 2 4 9 30 43 42 53 On Entrance 22 | . 4 4 10 41 41 54 Naked Turns . | . . . . . . . Heaviest Build 53 | 3 3 23 49 53 45 24 Greatest Support 82 | 3 3 40 82 80 30 30 Greatest Overweight (x) 4 | . . 1 3 4 4 2 Average Overweight (x) . | . . . . . . . Largest Inventory Capacity 15 | 5 5 8 15 15 15 8 Average Capacity 11 | 5 5 7 11 15 8 5 Most Carried 15 | 5 5 8 15 15 15 5 Average Carried 10 | 3 4 6 11 14 8 4 Final Capacity 15 | 5 5 8 15 15 5 5 Final Carried 15 | 5 5 8 15 14 5 4 Class Distribution -------------------- 59% | Mutant 23% | Scavenger-Mutant 13% | Trapper-Mutant 3% | Scavenger-Sprinter Dominant Class ---------------- Mutant | -10/Materials Mutant | -10/Subcaves Mutant | -8/Materials Mutant | -7/Factory Scavenger-Mutant | -7/Waste Scavenger-Mutant | -7/Factory Resources | -11 -10 -10 -8 -7 -7 -7 ----------- Run | Yrd Mat Sub Mat Fac Was Fac Matter Collected 3022 | 242 . 92 1033 1345 80 230 Remotely . | . . . . . . . Salvage Created 3538 | 149 . 116 1405 1247 212 409 Parts 211 | 10 . 12 96 79 . 14 Haulers Intercepted 5 | . . . 3 1 . 1 Recyclers Shooed 3 | 1 . . . 1 . 1 Parts Field Recycled . | . . . . . . . Retrieved Matter . | . . . . . . . Parts Self-Destructed . | . . . . . . . Prevented . | . . . . . . . Kills | -11 -10 -10 -8 -7 -7 -7 ------- Run | Yrd Mat Sub Mat Fac Was Fac Combat Hostiles Destroyed 51 | . . 4 24 17 1 5 Melee 6 | . . . . 3 . 3 Guns 12 | . . 1 7 3 . 1 Cannons 11 | . . . 4 6 1 . AOE 21 | . . 3 13 5 . . Classes Destroyed 16 | 2 . 1 8 4 1 . Worker 21 | . . . 8 11 . 2 Builder 8 | . . . 5 2 . 1 Tunneler 4 | 3 . . 1 . . . Hauler 5 | . . . 3 1 . 1 Recycler 14 | 1 . . 4 7 . 2 Mechanic 1 | . . . . 1 . . Operator 3 | . . . 2 . . 1 Watcher 6 | . . . 5 1 . . Swarmer 16 | . . . 7 5 . 4 Grunt 16 | . . . 11 4 . 1 Brawler 1 | . . . . 1 . . Duelist 2 | . . . . 2 . . Sentry 9 | . . . 6 3 . . Programmer 2 | . . . . 2 . . Compactor 1 | . . . . . 1 . Subdweller 4 | . . 4 . . . . Best Kill Streak 11 | 2 . 2 7 11 1 4 Combat Bots Only 5 | . . 2 5 4 1 4 Max Kills in Single Turn 8 | 1 . 2 4 8 1 1 Gunslinging . | . . . . . . . Exploded 3 | . . 2 3 3 . . Melee 1 | . . . . 1 . 1 Uniques/NPCs Destroyed . | . . . . . . . Combat | -11 -10 -10 -8 -7 -7 -7 -------- Run | Yrd Mat Sub Mat Fac Was Fac Hostile Shots Fired 385 | . . 7 76 204 1 97 Missed 142 | . . 5 25 68 . 44 Hits 243 | . . 2 51 136 1 53 Melee 13 | . . . . 12 1 . Projectile 230 | . . 2 51 124 . 53 AOE 4 | . . 2 . 1 . 1 Critical Strikes 10 | . . . 3 4 . 3 Damage Taken 4056 | . . 131 871 2149 47 858 Core 615 | . . 23 53 334 . 205 Absorbed by Shields 96 | . . . 96 . . . Ignored by Resistances 47 | . . . 40 7 . . Regen/Repaired (Parts) 123 | . . . . . 59 64 Core Remaining (%) 93 | 100 . 90 90 . . . Volleys Fired 202 | 8 . 6 79 60 28 21 Largest 2 | 1 . 2 2 2 2 2 Hottest 156 | 20 . 93 100 90 156 156 Shots Fired 317 | 8 . 12 129 90 40 38 Gun 138 | 8 . 5 52 25 10 38 Cannon 153 | . . 4 59 60 30 . Launcher 26 | . . 3 18 5 . . Special . | . . . . . . . Kinetic 195 | 8 . 10 84 60 30 3 Thermal 61 | . . 2 14 . 10 35 Explosive 5 | . . . . 5 . . Electromagnetic 56 | . . . 31 25 . . Robot Hit Streak 12 | 3 . 5 12 9 10 5 Robot Miss Streak 6 | 1 . 1 6 5 2 3 Penetration Max . | . . . . . . . Secondary Targets 2 | . . . 1 . . 1 Max Gunslinging Chain 1 | . . . 1 . . 1 Shots Hit Robots 234 | 6 . 5 80 88 24 31 Core Hits 147 | 5 . 6 64 56 6 10 Critical Kills 1 | . . . 1 . . . Critical Parts Destroyed 1 | . . . . . . 1 Critical Strikes 9 | . . . 3 2 1 3 Burn 2 | . . . . . . 2 Destroy 1 | . . . 1 . . . Blast 4 | . . . 2 1 1 . Smash 1 | . . . . . . 1 Sever 1 | . . . . 1 . . Melee Attacks 67 | . . . . 31 1 35 Impact 35 | . . . . . . 35 Slashing 31 | . . . . 30 1 . Piercing . | . . . . . . . Sneak Attacks 14 | . . . . 12 . 2 Combat Hostiles . | . . . . . . . Follow-up Attacks . | . . . . . . . Damage Inflicted 10061 | 75 . 255 3913 3932 704 1182 Guns 1733 | 75 . 56 714 249 185 454 Cannons 2504 | . . 22 788 1175 519 . Explosions 3992 | . . 177 2411 1404 . . Melee 1830 | . . . . 1104 . 726 Ramming 2 | . . . . . . 2 Kinetic 4911 | 75 . 233 2891 1175 519 18 Thermal 1908 | . . 22 590 675 185 436 Explosive 729 | . . . . 729 . . Electromagnetic 681 | . . . 432 249 . . Impact 726 | . . . . . . 726 Slashing 1104 | . . . . 1104 . . Piercing . | . . . . . . . Highest Corruption 3 | . . . . 3 . . Average Corruption 2 | . . . . 2 . . Corruption Purged 3 | . . . . 3 . . Corruption Blocked . | . . . . . . . Effects 12 | . . . . 12 . . Message Errors 2 | . . . . 2 . . Matter Fused 4 | . . . . 4 . . Heat Flow Errors 2 | . . . . 2 . . Parts Fused 1 | . . . . 1 . . Data Loss (minor) 2 | . . . . 2 . . Data Loss (major) 1 | . . . . 1 . . Overload Shots . | . . . . . . . Overflow Damage 949 | . . . 251 437 4 257 Projectiles 109 | . . . 42 63 4 . Explosions 437 | . . . 209 228 . . Melee 403 | . . . . 146 . 257 Knockbacks 15 | . . . 7 6 . 2 Impact 2 | . . . . . . 2 Kinetic 12 | . . . 6 6 . . Secondary 1 | . . . 1 . . . Self-Inflicted Damage 525 | . . 25 254 245 . 1 Shots 16 | . . 2 9 5 . . Rammed 1 | . . . . . . 1 Targets Rammed 3 | . . . . 2 . 1 Kicked 2 | . . . . 2 . . Crushed . | . . . . . . . Highest Temperature 132 | . . . 53 132 6 54 Average Temperature 26 | . . . 16 38 2 17 Received Heat Transfer 929 | . . 12 323 465 . 129 Siege Activations . | . . . . . . . Martial Activations . | . . . . . . . Shielding Activations . | . . . . . . . Robots Disrupted . | . . . . . . . Combat Hostiles . | . . . . . . . Robots Corrupted 3 | . . . 1 . . 2 Combat Hostiles 1 | . . . . . . 1 Parts Fried 11 | . . . 3 . . 8 Impact Corruptions 9 | . . . . . . 9 Robots Melted . | . . . . . . . Combat Hostiles . | . . . . . . . Parts Melted 4 | . . . . 1 . 3 Heat Transferred 2297 | . . 25 675 450 296 851 Parts Sabotaged . | . . . . . . . Parts Stolen . | . . . . . . . Parts Stripped . | . . . . . . . Power Chain Reactions 6 | . . . 6 . . . Alert | -11 -10 -10 -8 -7 -7 -7 ------- Run | Yrd Mat Sub Mat Fac Was Fac Maximum Alert Level 3 | . . . 2 2 . 3 Low Security (%) 49 | 100 100 . 30 62 100 13 Level 1 20 | . . . 46 1 . 18 Level 2 28 | . . . 22 36 . 53 Level 3 1 | . . . . . . 14 Level 4 . | . . . . . . . Level 5 . | . . . . . . . High Security . | . . . . . . . Max Security . | . . . . . . . Peak Influence 792 | 10 . . 472 518 179 792 Initial 200 | . . . . 200 179 . Average 241 | 2 . . 264 207 47 483 Influence Increases 3493 | 20 . . 1178 975 30 1290 Destroy 0b10 Robot/C 1260 | . . . 480 340 . 440 Destroy 0b10 Robot/NC 330 | 20 . . 140 115 . 55 Destroy Leader 314 | . . . 126 84 . 104 Allied During Kill 267 | . . . . . . 267 Trap Triggered on 0b10 10 | . . . . 10 . . Successful Hack 22 | . . . 22 . . . Disable Machine 465 | . . . 105 270 . 90 Destroy Structure 435 | . . . 245 111 30 49 Partial Spotted 75 | . . . . . . 75 Lose Combat Pursuer 315 | . . . 60 45 . 210 Influence Decreases 2785 | 20 . . 737 902 544 582 Entered New Map 576 | . . . . 241 335 . Time Decay 1689 | 20 . . 587 551 199 332 Lost Part 140 | . . . . 110 10 20 Lost Ally 230 | . . . . . . 230 Purge Threat 150 | . . . 150 . . . Squads Dispatched 19 | . 1 . 2 3 . 13 Investigation 7 | . . . 1 . . 6 Extermination 4 | . . . . 2 . 2 Reinforcement 6 | . 1 . 1 1 . 3 Assault . | . . . . . . . Garrison 2 | . . . . . . 2 Intercept . | . . . . . . . Searches Triggered . | . . . . . . . Construction Impeded 1 | . . . . . . 1 Haulers Reinforced . | . . . . . . . Active Scanning Responses . | . . . . . . . Cargo Convoy Interrupts . | . . . . . . . Stealth | -11 -10 -10 -8 -7 -7 -7 --------- Run | Yrd Mat Sub Mat Fac Was Fac Distress Signals 5 | . . . 4 1 . . Communications Jammed . | . . . . . . . Distress Signals . | . . . . . . . Times Spotted 123 | . 1 4 43 27 6 42 Peak Tracking Total 7 | . . 2 7 6 6 7 Tactical Retreats 11 | . . . 3 3 . 5 Traps | -11 -10 -10 -8 -7 -7 -7 ------- Run | Yrd Mat Sub Mat Fac Was Fac Traps Triggered 6 | . . . 1 4 . 1 Indirectly . | . . . . . . . Trap Hack Attempts 80 | . . . 57 23 . . Triggered . | . . . . . . . Disarmed 3 | . . . . 3 . . Reprogrammed 8 | . . . 6 2 . . Reused 6 | . . . . 1 5 . Traps Extracted 8 | . . . 6 2 . . Installed 7 | . . . . 2 5 . Triggered 1 | . . . . 1 . . Most Traps Carried 8 | . . . 6 8 6 1 Machines | -11 -10 -10 -8 -7 -7 -7 ---------- Run | Yrd Mat Sub Mat Fac Was Fac Machines Disabled 31 | . . . 7 18 . 6 Max in Single Turn 15 | . . . 2 15 . 1 Garrison Access 1 | . . . . 1 . . Machines Repaired . | . . . . . . . Machines Dismantled . | . . . . . . . Machines Sabotaged . | . . . . . . . Overloaded Fab Kills . | . . . . . . . Hacking | -11 -10 -10 -8 -7 -7 -7 --------- Run | Yrd Mat Sub Mat Fac Was Fac Machines Accessed 21 | . . . 5 8 . 8 Terminals 11 | . . . 3 2 . 6 Fabricators 1 | . . . . . . 1 Repair Stations . | . . . . . . . Recycling Units 5 | . . . . 4 . 1 Scanalyzers 2 | . . . 2 . . . Garrison Access 2 | . . . . 2 . . Total Hacks 48 | . . . 14 15 . 19 Successful 19 | . . . 10 3 . 6 Failed 29 | . . . 4 12 . 13 Catastrophic 11 | . . . . 4 . 7 Database Lockouts . | . . . . . . . Manual 21 | . . . 7 1 . 13 Terminals 26 | . . . 8 3 . 15 Fabricators 3 | . . . . . . 3 Repair Stations . | . . . . . . . Recycling Units 9 | . . . . 8 . 1 Scanalyzers 6 | . . . 6 . . . Garrison Access 4 | . . . . 4 . . Terminal Hacks 4 | . . . 3 . . 1 Part Schematic 1 | . . . 1 . . . Branch Access Points 2 | . . . 1 . . 1 Unreport Threat 1 | . . . 1 . . . Fabricator Hacks 3 | . . . . . . 3 Load Schematic 2 | . . . . . . 2 Build 1 | . . . . . . 1 Repair Station Hacks . | . . . . . . . Recycling Unit Hacks 3 | . . . . 2 . 1 Retrieve Matter 1 | . . . . 1 . . Retrieve Components 2 | . . . . 1 . 1 Scanalyzer 6 | . . . 6 . . . Insert Component 3 | . . . 3 . . . Analyze 3 | . . . 3 . . . Garrison Access Hacks 1 | . . . . 1 . . Seal Access 1 | . . . . 1 . . Unauthorized Hacks 2 | . . . 1 . . 1 Terminals 2 | . . . 1 . . 1 Assimilate 1 | . . . . . . 1 Botnet 1 | . . . 1 . . . Fabricators . | . . . . . . . Repair Stations . | . . . . . . . Recycling Units . | . . . . . . . Scanalyzers . | . . . . . . . Garrison Access . | . . . . . . . Data Cores Recovered 1 | . . . . . . 1 Used . | . . . . . . . Hacking Detections 17 | . . . 4 7 . 6 Full Trace Events 5 | . . . . . . 5 Feedback Events . | . . . . . . . Feedback Blocked . | . . . . . . . Robot Schematics Acquired . | . . . . . . . Robots Built . | . . . . . . . Authchips . | . . . . . . . Time . | . . . . . . . Total Robot Build Rating . | . . . . . . . Part Schematics Acquired 4 | . . . 4 . . . Parts Built 1 | . . . . . . 1 Authchips 1 | . . . . . . 1 Time 51 | . . . . . . 51 Total Part Build Rating 1 | . . . . . . 1 Parts Repaired . | . . . . . . . Time . | . . . . . . . Parts Recycled . | . . . . . . . Recycled Matter . | . . . . . . . Retrieved Matter . | . . . . . . . Retrieved Components 11 | . . . . 8 . 3 Parts Scanalyzed 3 | . . . 3 . . . Part Schematics Acquired 3 | . . . 3 . . . Parts Damaged . | . . . . . . . Bothacking | -11 -10 -10 -8 -7 -7 -7 ------------ Run | Yrd Mat Sub Mat Fac Was Fac Used RIF Installer . | . . . . . . . Robots Hacked 1 | . . . . 1 . . Non-combat 1 | . . . . 1 . . Combat . | . . . . . . . Robot Hacks Applied 1 | . . . . 1 . . parse_system 1 | . . . . 1 . . Relay Couplers Released . | . . . . . . . Fabnet Peak Effective % . | . . . . . . . Robots Rewired . | . . . . . . . Allies Hacked 1 | . . . . . . 1 Hacks Repelled . | . . . . . . . Allies | -11 -10 -10 -8 -7 -7 -7 -------- Run | Yrd Mat Sub Mat Fac Was Fac Total Allies 19 | . . . . . 18 1 Largest Group 18 | . . . . . 18 16 Highest-Rated Group 444 | . . . . . 444 416 Highest-Rated Ally 35 | . . . . . 35 35 Total Orders . | . . . . . . . Ally Attacks 163 | . . . . . 70 93 Total Damage 5482 | . . . . . 3095 2387 Kills 35 | . . . . . 7 28 Allies Corrupted . | . . . . . . . Allies Melted . | . . . . . . . Intel | -11 -10 -10 -8 -7 -7 -7 ------- Run | Yrd Mat Sub Mat Fac Was Fac Active Infowar (turns) 2854 | 6 48 490 440 1444 316 110 Terrain 1062 | . . . . 746 316 . Traps 822 | . . . 116 706 . . Seismic 868 | 6 48 490 324 . . . Machine Analysis 110 | . . . . . . 110 Robot Analysis Total . | . . . . . . . Derelict Logs Recovered . | . . . . . . . Drone Launches . | . . . . . . . Drone Recoveries . | . . . . . . . Exploration | -11 -10 -10 -8 -7 -7 -7 ------------- Run | Yrd Mat Sub Mat Fac Was Fac Turns Passed 6442 | 64 48 490 2283 2068 723 766 Spaces Moved 4412 | 45 52 292 1232 1009 583 1199 Core 296 | 45 52 32 . . 167 . Treads 1195 | . . 260 935 . . . Legs 1512 | . . . 172 970 286 84 Wheels 296 | . . . 125 39 130 2 Hover 620 | . . . . . . 620 Flight 493 | . . . . . . 493 Fastest Speed 29 | 50 50 50 95 100 50 29 Average Speed 108 | 50 50 148 148 132 99 45 Slowest Speed 330 | 50 50 160 162 330 140 180 Overloaded Moves . | . . . . . . . Propulsion Burnouts . | . . . . . . . Robots Hopped 1 | . . . . . . 1 Potential Cave-ins 4 | . . . . . 4 . Cave-ins Triggered . | . . . . . . . Exploration Rate (%) 38 | 3 8 20 72 23 97 44 Regions Visited 6 Branch Regions 1 Pre-discovered Areas . | . . . . . . . Known Exits Taken . | . . . . . . . Unknown Exits Taken 4 | 1 1 1 1 . . . Scrap Searched . | . . . . . . . Spaces Dug 19 | . . . . . 8 11 Terrain Destroyed 421 | . . 43 236 120 10 12 Melee 12 | . . . . . 1 11 Projectile 24 | . . 1 9 4 9 1 AOE 385 | . . 42 227 116 . . Terrain Rammed . | . . . . . . . Walls Destroyed . | . . . . . . . Machines Disabled . | . . . . . . . Actions | -11 -10 -10 -8 -7 -7 -7 --------- Run | Yrd Mat Sub Mat Fac Was Fac Total 5642 | 75 73 335 1561 1591 685 1322 Wait 582 | 14 20 18 94 368 42 26 Move 4405 | 44 51 291 1231 1009 582 1197 Hop 1 | . . . . . . 1 Pick Up 63 | 5 1 7 27 17 2 4 Fast Attach 54 | 4 . 2 8 20 5 15 Attach 31 | . . 3 12 11 3 2 Detach 7 | . . 1 1 2 1 2 Swap 55 | . . 3 21 24 5 2 Drop 84 | . 1 4 30 22 11 16 Fire 202 | 8 . 6 79 60 28 21 Melee 67 | . . . . 31 1 35 Ram 1 | . . . . . . 1 Kick 2 | . . . . 2 . . Crush . | . . . . . . . Escape Stasis . | . . . . . . . Rewire . | . . . . . . . Trap 87 | . . . 57 25 5 . Miscellaneous 1 | . . . 1 . . . Route ------- -11/Scrapyard -10/Materials -10/Subcaves -8/Materials -7/Factory (discovered 2 exits: *Fac / *Low) -7/Waste -7/Factory (discovered 4 exits: *Fac x2 / Low x2) History --------- Turn | Location | Event 5 | -11/Scrapyard | Discovered new exit (range 15) 65 | -11/Scrapyard | Entered Materials 109 | -10/Materials | Discovered new exit (range 4) 113 | -10/Materials | Entered Subcaves 125 | -10/Subcaves | Shifting Twisted Machinery released Battle Cannon 126 | -10/Subcaves | Shifting Twisted Machinery released Mak. System Shield 312 | -10/Subcaves | Build established: Mutant 566 | -10/Subcaves | Ambushed by Subdwellers from Twisted Machinery 570 | -10/Subcaves | Discovered new exit (range 13) 603 | -10/Subcaves | Entered Materials 603 | -8/Materials | Evolved 4 slots: Propulsion x2, Utility x2 1175 | -8/Materials | Discovered new exit (range 16) 2886 | -8/Materials | Entered Factory 2886 | -7/Factory | Evolved 2 slots: Utility x2 2899 | -7/Factory | Discovered new exit (range 5) 3034 | -7/Factory | Discovered new exit (range 5) 4133 | -7/Factory | Build established: Trapper-Mutant 4341 | -7/Factory | Lost 3 parts (1p2w) 4776 | -7/Factory | Lost 6 parts (1p5n) 4954 | -7/Factory | Sucked down chute 4954 | -7/Factory | Entered Waste 4964 | -7/Waste | Spotted C-40 Crusher 4971 | -7/Waste | Spotted C-40 Crusher 4972 | -7/Waste | Spotted C-40 Crusher 5015 | -7/Waste | Build established: Scavenger-Mutant 5016 | -7/Waste | Spotted C-40 Crusher 5077 | -7/Waste | Spotted C-40 Crusher 5088 | -7/Waste | Crushed by Compactor (1 part destroyed, 1 dropped) 5088 | -7/Waste | Spotted C-40 Crusher 5164 | -7/Waste | Destroyed C-40 Crusher 5245 | -7/Waste | Discovered new exit (range 16) 5271 | -7/Waste | Warlord forces began an assault 5605 | -7/Waste | Found Prototype Device 5605 | -7/Waste | Identified Adv. EM Shield 5677 | -7/Waste | Entered Factory 5677 | -7/Factory | Accompanied by 16 allies 5745 | -7/Factory | Lost 3 allies 5777 | -7/Factory | Core integrity fell below 50% 5896 | -7/Factory | Fabricated Hcp. Storage Unit (x1) 6255 | -7/Factory | Discovered new exit (range 14) 6261 | -7/Factory | Garrison activated, responded to threat 6262 | -7/Factory | Identified exit to Factory 6283 | -7/Factory | Discovered exit to Factory (range 15) 6443 | -7/Factory | Identified exit to Lower Caves 6443 | -7/Factory | Self-destructed Last Messages --------------- 06423_ P-60 Hacker system corrupted by crushing effect. 06430_ P-60 Hacker misfires. 06432_ >> Machine Analyzer network decryption results: 06432_ Terminal x1 06433_ Connecting with Terminal... 06433_ ALERT: Suspicious activity at Terminal F016. Dispatching Investigation squad. 06439_ >> Machine Analyzer network decryption results: 06439_ Terminal x2 06443_ Connecting with Terminal... >>Access(Branch) Found 2 branch access points: (13,193) Lower Caves (44,43) Lower Caves Map updated. 06443_ ALERT: Suspicious activity at Terminal F008. Dispatching Investigation squad. Map ----- +----------------------------------------------------+ | " """"" #????????## #######????????? / | | ???? #?????????# # """ """?????] # | | "???""" #?????????# / """ """????!] ???# | | "?""""" #?????????# # """ """??????????### ## | | "?""""" ??????????# #?? ??????????????# ?? | | ?????? ????""""??# #???? ?????????????#??? | | "???""" ????""""??# #?????? ???????????????? | | "?""""" ????""""??# #???????? ??????????????? | | "?"""""? ?????""""??# #############????????????? | | ??????????????""""??# ??????????? | | ??????????????""""??# #?????????????????? | | ????????????????????# #?????????????????? | | ????????????????????# #?????????????????? | | ????????????????????########## #?????????????????? | | ?????????????????????????????# #?????????????????? | | ?????????????????????????????# #?????????????????? | | ???????????????????????#######+######????????????? | | ???????????????????????# #????????????? | | ???????T???????????????+ """""" #????????????? | | ???????????????????????# """""" #????????????? | | ???????????????????????# """""" [#????????????? | | ???????????????????????# """""" #????????????? | | ???????????????????????#! #????????????? | | ???????????????????????# """""" #????????????? | | ???????????????????????# """""" #????????????? | | ???????????????????????#"@ """"""???????????????? | | ???????????????????????#T """"""???????????????? | | ???????????????????????#" k ???????????????? | | ???????????????????????# ?????????????? | | ???????????????????????#######+#####?????????????? | | ?????????????????????????????????????????????????? | | ?????????????????????????????????????????????????? | | ??????????????????????????????"""""?????????????? | | ??????????????????????????????""T""?????????????? | | ????????????????????????????????????????????????? | | ?????????????????????????????????????????????????? | | ?????????????????????????????????"""??""?????????? | | ?????????????????????????????????"""??""?????????? | | ?????????????????????????????????"""???G?????????? | | ??????????????????????????????????????""?????????? | | ?????????????????????????????????"""??""?????????? | | ?????????????????????????????????"""?????????????? | | ?????????????????????????????????"""?????????????? | | ?????????????????????????????????????????????????? | | ?????????????????????????????????????????????????? | | ?????????????????????????????????????????????????? | | ?????????????????????????????????????????????????? | | ?????????????????????????????????????????????????? | | ?????????????????????????????????????????????????? | | ?????????????????????????????????????????????????? | +----------------------------------------------------+ Best States ------------- Heat Dissipation 53 Energy Generation 17 Energy Capacity 300 Matter Stores 300 Matter Capacity 500 Sight Range 16 Terrain Scan Range 16 Terrain Scan Density 210 Armor Coverage 800 Resistance: KI 20 Resistance: EM 50 Evasion (%) 64 Targeting Accuracy 16 Melee Accuracy 8 Target Analysis 5 Recoil Reduction 4 Offensive Hacking 10 Authchip Count 1 Trap Extractor Capacity 4 Item Schematics ----------------- Sub. Shrapnel Launcher | -8/Materials | Scanalyzed Mak. System Shield | -8/Materials | Scanalyzed Hcp. Storage Unit | -8/Materials | Hacked Imp. Titanium Leg | -8/Materials | Scanalyzed Robot Schematics ------------------ None Fabricated ------------ Hcp. Storage Unit | x1 | -7/Factory | Authchip Repaired ---------- Nothing Alien Tech Used ----------------- None Achievements -------------- None Challenges ------------ None Game ------ Seed PiercingControlLance Manual? 0 Play Time 01:02:36 Cumulative 734.6 hours Start 2025.05.08 @ 14:05:47 End 2025.05.08 @ 15:03:58 Sessions 1 Manual Loads 0 Difficulty Rogue Special Mode None Game No. 170 Rogue 32 Adventurer 138 Explorer 0 Win Type - Total 11 Types 7/0/1/2/0/0/0/0/1/0 Lore% 78 Gallery% 77 Achievement% 76 Wizard Run 0 Options --------- Layout 2 ASCII 0 Keyboard 0 Movement Mouse Keybinds 0 Fullscreen 1 Font 24/Smallcaps Map View 50x49 Zoom Use 0% Tactical HUD 1 Map Filters NONE Filters NONE Steam 1 RUN: 8413c45e-b31c-4de0-95e0-893a621c7567